Map: Orbital Shipyard

Players

Rival

  • Race: Zerg Zerg
  • League: Master

Miszu - Winner!

  • Race: Terran Terran
  • League: Grandmaster

VOD

Have the link to the VOD?

Description

Time

  • Played on: Feb. 19, 2016, 6:02 p.m.
  • Length: 7:32
Show
View Real Time Build Order
Export as new Build Order

Rival Zerg 

Build Orders: 3 Hatch before Pool 

Get SALT Encoding   

  12  0:01  Drone  
  13  0:13  Overlord  
  13  0:19  Drone  
  14  0:38  Drone x3  
  17  0:55  Hatchery  
  16  0:58  Drone  
  17  1:09  Drone  
  18  1:23  Hatchery  
  17  1:36  Spawning Pool  
  17  1:39  Drone  
  17  1:44  Drone  
  18  1:52  Drone x2  
  20  2:01  Extractor  
  20  2:04  Overlord  
  19  2:12  Drone  
  20  2:24  Queen  
  20  2:25  Queen  
  20  2:26  Zergling x2  
  20  2:28  Zergling x2  
  26  2:31  Zergling x2  
  27  2:41  Queen  
  29  2:52  Drone x3  
  29  2:57  Drone  
  32  3:07  Spore Crawler  
  31  3:14  Metabolic Boost  
  32  3:20  Queen  
  32  3:21  Queen  
  36  3:28  Zergling x4  
  38  3:35  Overlord  
  37  3:48  Queen  
  39  3:56  Queen  
  39  4:02  Drone x5  
  46  4:09  Overlord  
  46  4:31  Drone x10  
  54  4:39  Lair  
  54  4:49  Overlord  
  54  4:51  Overlord  
  54  4:55  Zergling x2  
  54  4:56  Zergling x6  
  54  4:59  Extractor  
  57  5:01  Extractor  
  57  5:02  Extractor  
  55  5:12  Zergling x4  
  55  5:13  Zergling x6  
  60  5:14  Drone x2  
  60  5:15  Drone x4  
  60  5:16  Drone  
  66  5:30  Drone x4  
  70  5:38  Extractor x2  
  69  5:42  Drone  
  69  5:43  Spire, Drone x4  
  69  5:47  Overlord x2  
  72  5:58  Overlord  
  72  6:14  Baneling Nest  
  71  6:20  Drone x2  
  71  6:21  Drone x3  
  71  6:22  Drone x5  
  71  6:23  Drone x7  
  88  6:32  Overlord x2  
  88  6:37  Drone x2  
  88  6:39  Drone  
  87  7:04  Mutalisk x5  
  87  7:05  Mutalisk x2  
  87  7:06  Overlord x2  
Show
View Real Time Build Order
Export as new Build Order

Miszu Terran - Winner!

Build Orders: MMM Bio 

Get SALT Encoding   

  12  0:01  SCV  
  13  0:13  SCV  
  14  0:18  Supply Depot  
  14  0:25  SCV  
  15  0:39  SCV  
  15  0:40  Barracks  
  16  0:44  Refinery  
  16  0:51  SCV  
  17  1:03  SCV  
  18  1:16  SCV  
  19  1:29  Barracks Reactor  
  19  1:30  Orbital Command  
  19  1:40  Command Center  
  19  1:53  Supply Depot  
  19  1:56  SCV  
  20  2:05  Reaper x2  
  23  2:08  SCV  
  23  2:21  SCV  
  24  2:30  Command Center  
  24  2:34  SCV  
  25  2:42  Reaper x2  
  27  2:46  SCV  
  28  2:52  Refinery  
  28  2:58  SCV  
  29  3:14  Reaper  
  29  3:15  SCV  
  29  3:16  Orbital Command  
  29  3:19  Reaper  
  32  3:28  Barracks, SCV  
  32  3:31  Barracks  
  33  3:40  SCV  
  34  3:48  SCV, Orbital Command  
  36  3:51  Marine  
  36  3:52  Marine, SCV  
  38  4:00  SCV  
  38  4:02  Supply Depot  
  39  4:04  SCV  
  39  4:09  Marine x2  
  41  4:12  SCV  
  41  4:14  SCV  
  41  4:16  Barracks Tech Lab, SCV  
  45  4:18  Barracks Tech Lab  
  45  4:24  SCV  
  45  4:27  Marine  
  45  4:28  SCV, Orbital Command  
  45  4:29  Marine  
  49  4:33  Engineering Bay  
  49  4:34  Engineering Bay  
  49  4:36  Factory, SCV  
  49  4:40  SCV  
  50  4:48  SCV  
  50  4:49  Refinery x2, Marine  
  50  4:50  Marine x2  
  50  4:51  Stimpack, Combat Shields  
  50  4:52  Marine, SCV  
  56  4:53  SCV  
  57  5:00  Terran Infantry Weapons Level 1, SCV  
  57  5:05  SCV x2  
  60  5:07  Marine, Terran Infantry Armor Level 1  
  60  5:08  Marine x2  
  60  5:11  Supply Depot  
  60  5:12  SCV  
  64  5:14  Marine  
  64  5:15  Supply Depot  
  64  5:17  SCV x2  
  67  5:25  Marine  
  67  5:26  Marine  
  69  5:30  Factory Reactor  
  69  5:32  Starport, Marine x2, SCV x3  
  69  5:35  Supply Depot  
  74  5:43  Marine  
  74  5:44  Marine, SCV x2  
  74  5:46  Barracks, SCV  
  74  5:48  Barracks  
  79  5:50  Marine x2  
  79  5:57  SCV  
  82  5:58  Supply Depot x2  
  82  6:00  Marine, SCV  
  82  6:01  Marine  
  82  6:02  SCV  
  82  6:03  Armory  
  86  6:08  Marine  
  86  6:09  SCV  
  88  6:12  Marauder, SCV  
  88  6:14  Factory Reactor  
  88  6:15  Medivac  
  93  6:19  Medivac  
  93  6:20  Marine  
  93  6:21  Marine, SCV x2  
  93  6:25  Supply Depot  
  99  6:26  Supply Depot, Marauder  
  99  6:28  Supply Depot  
  101  6:33  Marauder  
  101  6:35  Barracks Reactor x2  
  101  6:38  Marine  
  104  6:47  Marauder  
  104  6:52  Refinery, Barracks  
  104  6:53  Refinery, Barracks  
  106  6:55  Barracks  
  105  7:04  Marine  
  105  7:05  Marine x2  
  105  7:06  Hellion  
  109  7:08  Marine  
Tags
 
Add a new tag
Caveats
  • Supply blocks, unpowered buildings, or Contaminate may cause inaccurate times.
  • Supply counts are checked every 10 seconds.